Map: King's Cove LE

Players

Scarlett - Winner!

  • Race: Zerg Zerg
  • Spawn Location: 11:00

RiSky

  • Race: Zerg Zerg
  • Spawn Location: 5:00

Event: IEM Season 13: Katowice (2019)

VOD

Have the link to the VOD?

Description

Time

  • Played on: Feb. 25, 2019, 9:08 a.m.
  • Length: 10:11

All games in this series

Show
View Real Time Build Order
Export as new Build Order

Scarlett Zerg - Winner!

Build Orders: Hatch First 

Get SALT Encoding   

  12  0:00  Drone  
  13  0:14  Overlord  
  13  0:18  Drone  
  14  0:32  Drone x2  
  16  0:48  Hatchery  
  15  0:52  Drone  
  15  0:56  Drone  
  17  0:59  Drone  
  18  1:10  Extractor  
  17  1:15  Spawning Pool  
  17  1:18  Drone  
  17  1:21  Drone  
  18  1:29  Drone  
  19  1:40  Drone  
  20  1:51  Drone  
  21  2:01  Queen  
  21  2:02  Queen, Overlord  
  21  2:03  Drone  
  26  2:11  Metabolic Boost  
  26  2:13  Drone  
  26  2:15  Drone  
  29  2:22  Drone  
  29  2:23  Drone  
  30  2:33  Drone  
  30  2:34  Drone  
  32  2:41  Hatchery  
  31  2:48  Overlord  
  31  2:50  Zergling x2  
  32  2:53  Evolution Chamber  
  31  2:59  Drone x2  
  33  3:08  Drone x2  
  33  3:12  Drone x5  
  40  3:19  Zerg Missile Weapons Level 1  
  40  3:22  Queen  
  42  3:31  Drone  
  43  3:35  Overlord, Roach Warren  
  43  3:40  Drone x2  
  44  3:45  Overlord  
  44  3:52  Extractor x2, Drone  
  44  3:53  Zergling x10  
  48  3:57  Overlord  
  48  4:11  Drone x3  
  48  4:16  Roach x5  
  61  4:29  Roach x5  
  71  4:35  Drone  
  71  4:39  Lair  
  71  4:43  Drone x2  
  71  4:47  Drone x2  
  71  4:49  Extractor  
  72  4:57  Drone  
  71  5:00  Drone x3  
  71  5:01  Overlord x3  
  71  5:04  Overlord  
  73  5:12  Overlord x2  
  73  5:16  Zerg Ground Armor Level 1  
  73  5:21  Roach x2  
  77  5:32  Drone x3  
  77  5:33  Roach x2  
  77  5:34  Roach  
  86  5:37  Overseer, Glial Reconstitution  
  86  5:40  Roach  
  88  5:43  Roach  
  88  5:45  Roach  
  92  5:51  Roach x3  
  98  5:57  Roach x3  
  98  6:01  Roach  
  106  6:08  Roach x4  
  114  6:17  Roach x4  
  122  6:20  Overlord  
  122  6:30  Overlord x2  
  122  6:40  Roach x4  
  130  6:47  Overlord x2  
  130  6:48  Overlord  
  130  6:54  Roach x4  
  138  7:10  Roach x7, Zerg Missile Weapons Level 2  
  152  7:19  Roach x5  
  162  7:26  Overlord  
  162  7:27  Overlord  
  162  7:42  Roach x8  
  148  7:46  Roach x2  
  146  7:55  Ravager x2  
  146  7:56  Roach  
  146  7:57  Roach x3  
  140  8:03  Roach x3  
  127  8:14  Roach x5  
  127  8:19  Roach x2  
  135  8:27  Roach x3  
  135  8:32  Overseer  
  117  8:42  Roach x5  
  118  8:51  Queen  
  118  8:55  Roach x6  
  130  9:12  Roach  
  130  9:13  Roach x5  
  142  9:20  Roach x5  
  152  9:31  Drone x6  
  152  9:34  Queen  
  152  9:37  Hydralisk Den  
  151  9:55  Drone x7  
  151  9:56  Extractor  
  151  9:57  Extractor  
Show
View Real Time Build Order
Export as new Build Order

RiSky Zerg 

Build Orders: Hatch First, Lurkers 

Get SALT Encoding   

  12  0:00  Drone  
  13  0:12  Overlord  
  13  0:17  Drone  
  14  0:31  Drone x2  
  16  0:49  Hatchery  
  15  0:52  Drone  
  15  0:56  Drone  
  17  0:59  Drone  
  18  1:09  Extractor  
  17  1:15  Spawning Pool  
  17  1:17  Drone  
  17  1:21  Drone  
  18  1:28  Drone  
  19  1:39  Drone  
  20  1:49  Overlord  
  20  2:00  Drone  
  21  2:02  Queen, Drone  
  24  2:11  Drone  
  24  2:12  Drone  
  26  2:16  Queen  
  26  2:22  Drone  
  29  2:24  Drone  
  30  2:32  Overlord  
  30  2:34  Drone  
  31  2:38  Queen  
  31  2:43  Drone  
  34  2:45  Evolution Chamber, Drone  
  34  2:54  Drone  
  34  2:56  Drone  
  36  3:04  Lair  
  36  3:05  Drone, Roach Warren  
  36  3:06  Drone  
  37  3:12  Zerg Ground Armor Level 1  
  37  3:13  Drone  
  37  3:14  Drone  
  37  3:17  Overlord  
  39  3:30  Extractor  
  39  3:31  Extractor  
  37  3:38  Evolution Chamber, Drone x2  
  37  3:40  Drone x4  
  42  3:42  Drone  
  42  3:43  Extractor  
  42  3:48  Drone x2  
  44  3:49  Metabolic Boost  
  44  3:53  Overlord  
  44  3:58  Overlord  
  44  4:02  Overlord  
  44  4:03  Overseer  
  44  4:14  Overlord  
  44  4:15  Drone x2  
  44  4:16  Drone  
  47  4:17  Hydralisk Den  
  47  4:20  Drone x2  
  47  4:23  Zergling x2  
  49  4:30  Zergling x2  
  50  4:31  Spine Crawler  
  50  4:32  Zergling x2  
  50  4:34  Zergling x2  
  51  4:40  Roach  
  55  4:45  Roach  
  55  4:46  Roach  
  55  4:57  Drone  
  55  5:01  Lurker Den  
  55  5:06  Drone  
  55  5:07  Drone x8  
  63  5:15  Zergling x2  
  63  5:20  Zergling x2  
  65  5:26  Hatchery  
  64  5:28  Zergling x2  
  64  5:29  Zergling x4  
  64  5:30  Zergling x2  
  64  5:34  Zergling x2  
  68  5:38  Zerg Missile Weapons Level 1  
  68  5:40  Zergling x4  
  70  5:50  Overlord x2  
  70  5:58  Nydus Network  
  70  5:59  Zergling x12  
  75  6:04  Overlord  
  75  6:08  Hydralisk  
  77  6:13  Hydralisk  
  77  6:15  Hydralisk  
  80  6:24  Hydralisk  
  82  6:26  Hydralisk x4  
  82  6:29  Overlord, Zergling x2  
  82  6:30  Zergling x2  
  92  6:36  Lurker  
  92  6:38  Zergling x6  
  96  6:43  Lurker x2  
  98  6:48  Zergling x6  
  98  6:52  Lurker x4  
  98  6:53  Lurker  
  106  7:00  Nydus Canal  
  106  7:02  Overlord  
  106  7:03  Overlord  
  106  7:13  Nydus Canal  
  102  7:15  Zergling x2  
  102  7:16  Zergling x4  
  102  7:20  Zergling x2  
  102  7:21  Zergling x12  
  111  7:24  Zergling x6  
  111  7:28  Nydus Canal  
  114  7:32  Zergling x4  
  113  7:37  Zergling x8  
  113  7:43  Zergling x2  
  110  7:46  Spire  
  110  7:48  Zergling x4  
  102  8:00  Zergling x10  
  104  8:10  Zergling x8  
  96  8:15  Zergling x2  
  96  8:16  Zergling x4  
  97  8:24  Zergling x2  
  97  8:25  Zergling x8  
  102  8:31  Overlord  
  102  8:33  Extractor  
  100  8:35  Extractor  
  64  8:59  Mutalisk x10  
  64  9:02  Mutalisk  
  83  9:06  Nydus Canal  
  83  9:09  Mutalisk  
  85  9:11  Zergling x6  
  85  9:16  Zergling x2  
  85  9:17  Zergling x4  
  88  9:20  Zergling x2  
  89  9:25  Mutalisk  
  89  9:30  Hydralisk  
  93  9:37  Hydralisk  
  93  9:38  Hydralisk  
  93  9:46  Hydralisk x2  

Tags
 
Add a new tag
Caveats
  • Supply blocks, unpowered buildings, or Contaminate may cause inaccurate times.
  • Supply counts are checked every 10 seconds.